 Dungeon Crawl Stone Soup version 0.30-a0-414-gcb316572d5 (webtiles) character file.

Game seed: 9063892565561874042

203 pokeman the Magician (level 5, -4/29 HPs)
             Began as a Deep Elf Hedge Wizard on Dec 7, 2022.
             Killed from afar by an orc wizard (6 damage)
             ... with a magic dart
             ... on level 3 of the Dungeon.
             The game lasted 00:04:45 (2660 turns).

pokeman the Magician (Deep Elf Hedge Wizard)        Turns: 2660, Time: 00:04:46

Health: -4/29      AC:  3    Str:  7    XL:     5   Next: 51%
Magic:  1/15       EV: 12    Int: 21    God:
Gold:   85         SH:  0    Dex: 14    Spells: 8/16 levels left

rFire   . . .      SeeInvis .    k - +2 dagger (venom)
rCold   . . .      Faith    .    (no shield)
rNeg    . . .      Spirit   .    s - +0 leather armour
rPois   .          Reflect  .    c - +0 hat
rElec   .          Harm     .    (no cloak)
rCorr   +          Rampage  .    (no gloves)
Will    .....                    (no boots)
Stlth   ++........               (no amulet)
HPRegen 0.24/turn                e - ring of resist corrosion
MPRegen 0.14/turn                p - ring of flight

@: flying
A: no striking features
a: no special abilities


You were on level 3 of the Dungeon.
You visited 1 branch of the dungeon, and saw 3 of its levels.

You collected 85 gold pieces.

Inventory:

Hand Weapons
 k - a +2 dagger of venom (weapon)
Armour
 c - a +0 hat (worn)
 s - a +0 leather armour (worn)
Magical Staves
 o - a staff of cold
Jewellery
 e - a ring of resist corrosion (left hand)
 p - a ring of flight (right hand)
 r - a ring of see invisible
Scrolls
 a - a scroll of amnesia {unknown}
 h - 2 scrolls of brand weapon {unknown}
 i - a scroll of identify {unknown}
 m - a scroll of fog {unknown}
 n - a scroll of fear {unknown}
Potions
 b - a potion of cancellation {unknown}
 d - a potion of magic
 f - 2 potions of lignification {unknown}
 g - a potion of haste {unknown}
 j - a potion of invisibility {unknown}
 l - 3 potions of curing {unknown}
 q - a potion of ambrosia {unknown}


   Skills:
 - Level 1.0 Fighting
 - Level 1.1 Armour
 - Level 3.2 Dodging
 - Level 3.3 Stealth
 * Level 6.4 Spellcasting
 + Level 2.7 Conjurations
 - Level 1.1 Summonings
 - Level 1.1 Translocations
 + Level 0.0 Ice Magic
 + Level 0.0 Air Magic


You had 8 spell levels left.
You knew the following spells:

 Your Spells              Type           Power      Damage    Failure   Level
a - Magic Dart            Conj           72%        1d6       4%          1
b - Mephitic Cloud        Conj/Pois/Air  10%        N/A       28%         3
c - Call Imp              Summ           11%        N/A       13%         2
d - Blink                 Tloc           22%        N/A       13%         2

Your spell library contained the following spells:

 Spells                   Type           Power      Damage    Failure   Level
 Slow                     Hex            24%        N/A       14%         1
 Cigotuvi's Dreadful Rot  Necr/Pois/Air  12%        N/A       21%         2
 Kindle Blastsparks       Fire/Tloc/Air  16%        2d11      34%         3
 Ignite Poison            Fire/Tmut/Pois 6%         N/A       38%         3
 Ozocubu's Armour         Ice            6%         N/A       38%         3
 Freezing Cloud           Conj/Ice/Air   5%         6-21      95%         5
 Ozocubu's Refrigeration  Ice            3%         4d8       100%        7


Dungeon Overview and Level Annotations

Branches:
Dungeon (3/15)

Altars:


Message History

The steam dragon scales are intact enough to wear.
The orc wizard gestures at you while chanting.
You resist with some effort.
Your Dodging skill increases to level 3!
Your Stealth skill increases to level 3!
Your Spellcasting skill increases to level 6!
You have reached level 5!
Unknown command.
Unknown command.
Casting: Magic Dart (safe; 4% risk of failure)
Confirm with . or Enter, or press ? or * to list all spells.
The spell is extremely dangerous to miscast (28% risk of failure)!
Continue anyway?
Aiming: Mephitic Cloud (extremely dangerous; 28% risk of failure)
Press: ? - help, Shift-Dir - straight line, f - orc wizard
Aim: an orc wizard, wielding a +0 dagger and wearing a +0 robe (chance to affect: 86%)
The ball explodes into a vile cloud!
The stinking cloud engulfs the orc wizard but does no damage.
You hear a bark! x2
The orc wizard is engulfed in noxious fumes.
Unknown command.
A jackal comes into view.
The orc wizard hits you but does no damage.
You closely miss the orc wizard.
The jackal barks!
A jackal comes into view.
The orc wizard points at you and mumbles some strange words.
The magic dart hits you.
The jackal moves out of view.
You hit the orc wizard.
The orc wizard is poisoned.
The orc wizard is lightly wounded.
A jackal comes into view.
The orc wizard casts a spell at you. The puff of flame hits you!
* * * LOW HITPOINT WARNING * * *
Your magical contamination has completely faded away.
The orc wizard attacks as you move away!
The orc wizard hits you with a +0 dagger.
* * * LOW HITPOINT WARNING * * *
The orc wizard casts a spell at you. The magic dart hits you.
You die...

##<## ... # #....
..#.## #..# ......
##..#####.#....
######..(...........
####.#......[.....>...#
#....#..............#
#.##.#........@.o...#
#.##.†..........h.h.#
#.###########.#+###h#
#.# ...# .. ###.# .....
. .[..# #....... ....#
#........ ....#
#........# ....# ...#.


You could see an orc wizard (very poisoned) and 3 jackals.

Vanquished Creatures
  A steam dragon (D:3)
  Terence (D:2)
  2 dart slugs
  7 ball pythons
  2 endoplasms (D:1)
  5 goblins
  6 hobgoblins
  3 jackals (D:2)
  2 quokkas (D:1)
  3 bats
  2 frilled lizards (D:1)
  6 kobolds
  2 rats (D:1)
42 creatures vanquished.

Notes
Turn   | Place    | Note
-------+----------+-------------------------------------------
     0 | D:1      | pokeman the Deep Elf Hedge Wizard began the quest for the
                  | Orb.
     0 | D:1      | Reached XP level 1. HP: 10/10 MP: 7/7
   302 | D:1      | Reached XP level 2. HP: 16/16 MP: 4/9
   705 | D:1      | Found a faded altar of an unknown god.
   714 | D:1      | Reached skill level 5 in Spellcasting
   939 | D:1      | Reached XP level 3. HP: 20/20 MP: 8/11
   943 | D:1      | Learned a level 3 spell: Mephitic Cloud
   946 | D:1      | Learned a level 2 spell: Call Imp
   949 | D:1      | Learned a level 2 spell: Blink
  1745 | D:2      | Noticed Terence
  1760 | D:2      | Killed Terence
  1761 | D:2      | Reached skill level 1 in Fighting
  1761 | D:2      | Reached skill level 1 in Armour
  2041 | D:2      | Reached XP level 4. HP: 23/25 MP: 7/13
  2635 | D:3      | Noticed a steam dragon
  2654 | D:3      | Killed a steam dragon
  2655 | D:3      | Reached skill level 6 in Spellcasting
  2655 | D:3      | Reached XP level 5. HP: 14/29 MP: 3/15
  2660 | D:3      | Killed from afar by an orc wizard

Illustrated notes

Levels and vault maps discovered:
D:1:      enne_arrival_octagon_isle, layout_loops_ring,
          ebering_ecumenical_altar_petrified, minmay_misc_feat_chi,
          nicolae_titane
D:2:      layout_loops_corners, kennysheep_cross_bottleneck, dk_vineyard_3,
          grunt_decor_arrowhead, uniq_terence
D:3:      layout_basic, grunt_temple_overflow_open, serial_shops, shop

Skill      XL: |  1  2  3  4 |
---------------+-------------+-----
Spellcasting   | 5 6 |  6.4
Fighting       | 1 |  1.0
Armour         | 1 |  1.1
Conjurations   | 2 |  2.7
Dodging        | 3 |  3.2
Stealth        | 3 |  3.3
Summonings     | |  1.1
Translocations | |  1.1

Action                   |  1- 3 |  4- 6 || total
-------------------------+-------+-------++-------
Melee: Dagger            |    19 |    12 ||    31
 Cast: Magic Dart        |    90 |    12 ||   102
       Mephitic Cloud    |     1 |     3 ||     4
 Stab: Confused          |     2 |       ||     2
Armor: Robe              |     3 |       ||     3
       Leather armour    |       |     2 ||     2
Dodge: Dodged            |    24 |     6 ||    30

Table legend: (Time is in decaauts)
 A = Elapsed time spent in this place.
 B = Non-inter-level travel time spent in this place.
 C = Inter-level travel time spent in this place.
 D = Time resting spent in this place.
 E = Time spent auto-exploring this place.
 F = Levels seen in this place.
 G = Mean time per level.
                   A        B        C        D        E       F      G
               +--------+--------+--------+--------+--------+-----+--------+
         Total |   2658 |   2606 |     52 |     13 |   2296 |   3 |  886.0 |
       Dungeon |   2658 |   2606 |     52 |     13 |   2296 |   3 |  886.0 |
               +--------+--------+--------+--------+--------+-----+--------+

Top non-repeatable levels by time:
     D:1: 1384 daAuts
     D:2: 1112 daAuts
     D:3: 161 daAuts
